 Dungeon Crawl Stone Soup version 0.26-a0-844-g3dd439832f (webtiles) character file.

Game seed: 3129347031392881644

8076 robertstho the Blocker (level 11, -4/120 HPs)
             Began as a Gnoll Fighter on Nov 18, 2020.
             Was a Believer of Hepliaklqana.
             Slain by Grum
             ... wielding a -2 halberd of flaming
              (14 damage)
             ... on level 10 of the Dungeon.
             The game lasted 00:14:29 (10836 turns).

robertstho the Blocker (Gnoll Fighter)             Turns: 10836, Time: 00:14:30

Health: -4/120     AC: 13    Str: 21    XL:     11   Next: 25%
Magic:  20/20      EV: 10    Int: 11    God:    Hepliaklqana [**....]
Gold:   200        SH: 24    Dex: 15    Spells: 22/22 levels left

rFire    + . .     SeeInvis .   v - +3 falchion (elec)
rCold    . . .     Faith    .   B - +2 tower shield {reflect}
rNeg     . . .     Spirit   .   w - +0 scale mail {MR+}
rPois    .         Reflect  +   K - +0 helmet
rElec    .         Harm     .   (no cloak)
rCorr    .         Rampage  .   (no gloves)
MR       +....                  (no boots)
Stlth    ..........             J - amulet of reflection
HPRegen  0.30/turn              H - +4 ring of protection
MPRegen  0.17/turn              F - ring of protection from fire

@: berserking (expiring), lethally poisoned (-4 -> -5), very quick
A: distributed training, reduced essence, fangs 1, strong nose
a: Recall Ancestor, Ancestor Identity, Renounce Religion


You were on level 10 of the Dungeon.
You worshipped Hepliaklqana.
Hepliaklqana was pleased with you.
You visited 2 branches of the dungeon, and saw 11 of its levels.
You also visited: Sewer.

You collected 536 gold pieces.
You spent 336 gold pieces at shops.

Inventory:

Hand Weapons
 a - a +0 long sword
 v - a +3 falchion of electrocution (weapon)
 x - a +0 morningstar
Armour
 w - a +0 scale mail of magic resistance (worn)
 B - a +2 tower shield of reflection (worn)
 K - a +0 helmet (worn)
Jewellery
 l - an uncursed ring of see invisible
 m - an uncursed ring of flight
 F - a ring of protection from fire (right hand)
 H - a +4 ring of protection (left hand)
 J - an amulet of reflection (around neck)
Wands
 f - a wand of disintegration (16)
 O - a wand of iceblast (9)
Scrolls
 b - a scroll of fog {unknown}
 e - 2 scrolls of teleportation
 i - 6 scrolls of enchant weapon
 k - 3 scrolls of immolation {unknown}
 o - a scroll of random uselessness {unknown}
 p - a scroll of amnesia {unknown}
 s - 4 scrolls of fear {unknown}
 u - 6 scrolls of blinking {unknown}
 y - 7 scrolls of remove curse
 z - 2 scrolls of identify
 D - a scroll of noise {unknown}
 E - a scroll of vulnerability {unknown}
 I - 2 scrolls of enchant armour {unknown}
Potions
 d - 5 potions of might
 g - a potion of haste
 h - a potion of lignification
 j - 6 potions of curing
 n - a potion of berserk rage
 q - 3 potions of flight {unknown}
 r - 2 potions of cancellation
 A - 2 potions of attraction
 C - 2 potions of resistance
 N - a potion of ambrosia {unknown}
 P - a potion of invisibility
 Q - a potion of heal wounds
Miscellaneous
 c - a condenser vane


   Skills:
 + Level 9.0 Fighting
 + Level 6.1 Short Blades
 + Level 7.7 Long Blades
 + Level 6.1 Axes
 + Level 6.1 Maces & Flails
 + Level 6.1 Polearms
 + Level 6.1 Staves
 + Level 6.1 Slings
 + Level 6.1 Bows
 + Level 6.1 Crossbows
 + Level 6.1 Throwing
 + Level 9.0 Armour
 + Level 6.1 Dodging
 + Level 6.1 Stealth
 + Level 9.0 Shields
 + Level 6.1 Unarmed Combat
 + Level 6.1 Spellcasting
 + Level 5.0 Conjurations
 + Level 5.0 Hexes
 + Level 5.0 Summonings
 + Level 5.0 Necromancy
 + Level 5.0 Translocations
 + Level 5.0 Transmutations
 + Level 5.0 Fire Magic
 + Level 5.0 Ice Magic
 + Level 5.0 Air Magic
 + Level 5.0 Earth Magic
 + Level 5.0 Poison Magic
 + Level 6.7 Invocations
 + Level 6.1 Evocations


You had 22 spell levels left.
You didn't know any spells.
Your spell library contained the following spells:

 Spells                   Type           Power        Failure   Level
 Summon Small Mammal      Summ           ##..         41%         1
 Call Imp                 Summ           ##......     54%         2
 Call Canine Familiar     Summ           ##......     78%         3
 Confusing Touch          Hex            ##......     78%         3
 Gell's Gravitas          Tloc           ##........   78%         3
 Summon Guardian Golem    Hex/Summ       ##......     78%         3
 Petrify                  Tmut/Erth      ##......     99%         4
 Summon Ice Beast         Ice/Summ       ##......     99%         4
 Summon Lightning Spire   Summ/Air       ##......     99%         4
 Metabolic Englaciation   Hex/Ice        ##........   100%        5
 Yara's Violent Unravell  Hex/Tmut       ##........   100%        5


Dungeon Overview and Level Annotations

Branches:
Dungeon (10/15)            Temple (1/1) D:6           Sewer (visited)
   Lair: D:8-11         Orc: D:9-12

Altars:
Ashenzari
Cheibriados
Dithmenos
Elyvilon
Fedhas
Gozag
Hepliaklqana
Kikubaaqudgha
Makhleb
Nemelex Xobeh
Okawaru
Qazlal
Ru
Sif Muna
Trog
Uskayaw
Vehumet
Wu Jian
Xom
Yredelemnul
Zin
The Shining One

Shops:
D:9 !

Annotations:
D:5 SolusNox's ghost, novice TrMo
D:10 Grum; Joseph


Innate Abilities, Weirdness & Mutations

Your experience applies equally to all skills.
You have very sharp teeth.
Your uncanny sense of smell can sniff out nearby items.
Your life essence is reduced to manifest your ancestor. (-10% HP)


Message History

Synnove drains the orc.
The orc dies!
You hit the wolf. Lightning courses through the wolf!!
The wolf is almost dead.
You hear some strange, mumbled words.
A puff of flame appears from out of thin air!
The puff of flame misses you. You block the wolf's attack.
The wolf bites you but does no damage. You block Grum's attack.
You closely miss the wolf. Your bite misses the wolf.
The wolf is almost dead.
You block the wolf's attack.
Synnove points at the wolf and mumbles some strange words.
Joseph easily resists.
You block the orc's attack. The orc hits you but does no damage.
The wolf closely misses you.
You riposte.
You slash the wolf! Lightning courses through the wolf!
You kill the wolf!
Something hits you but does no damage. You block the wolf's attack.
Something hits you but does no damage.
Grum hits you from afar with a -2 halberd of flaming!
You die...

. #. ∆ #..#
.... #R(####
##. #..o.h#
.§ ##@o{@# ..
#.g..####. ∆
#.......h
#..##....#
#/.# #....#
.... ###..#
.... #..##
#.# #...#
#.#.#####.#h#


You could see the friendly Synnove the hexer, Joseph, Grum, a wolf and 2 orcs.

Vanquished Creatures
  Erolcha (D:9)
  A two-headed ogre (D:9)
  Pikel (D:7)
  An ugly thing (D:7)
  Maggie (D:7)
  A hornet (D:9)
  2 sky beasts
  2 ice beasts
  3 orc warriors
  A necrophage (D:6)
  A phantom (D:6)
  2 wolves (D:10)
  4 ogres
  2 centaurs (D:9)
  6 big kobolds
  8 bullfrogs
  4 scorpions
  2 wights (D:7)
  4 howler monkeys
  A bullfrog zombie (D:7)
  4 hounds
  7 orc priests
  4 centaur skeletons
  A jelly (D:9)
  3 iguanas
  Terence (D:3)
  13 orc wizards
  Natasha (D:4)
  4 worker ants
  A hound zombie (D:7)
  A howler monkey skeleton (D:6)
  21 adders
  3 white imps
  2 ufetubi
  4 oozes
  2 adder skeletons
  2 adder zombies
  6 worms
  3 dart slugs
  12 leopard geckos
  37 orcs
  3 ball pythons (Sewer)
  8 giant cockroaches
  9 goblins
  9 hobgoblins
  16 jackals
  23 kobolds
  2 quokkas
  9 bats
  6 frilled lizards
  A giant cockroach zombie (D:6)
  5 rats
271 creatures vanquished.

Vanquished Creatures (collateral kills)
  A wraith (D:8)
  A water moccasin (D:7)
  A black bear (D:8)
  An ogre (D:9)
  A wight (D:7)
  2 howler monkeys (D:8)
  5 orc wizards
  2 iguanas
  A worker ant (D:7)
  8 orcs
  A jackal (D:7)
  3 kobolds
27 creatures vanquished.

Vanquished Creatures (others)
  An orc wizard (D:10)
  2 ancestors (D:7)
  2 kobolds (D:9)
5 creatures vanquished.

Grand Total: 303 creatures vanquished

Notes
Turn   | Place    | Note
-------+----------+-------------------------------------------
     0 | D:1      | robertstho the Gnoll Fighter began the quest for the Orb.
     0 | D:1      | Reached XP level 1. HP: 23/23 MP: 1/1
   111 | D:1      | Reached XP level 2. HP: 23/29 MP: 2/2
   512 | D:1      | Reached XP level 3. HP: 35/35 MP: 3/3
   937 | D:2      | Reached skill level 1 in Invocations
  1104 | D:2      | Reached skill level 1 in Short Blades
  1104 | D:2      | Reached skill level 1 in Axes
  1104 | D:2      | Reached skill level 1 in Maces & Flails
  1104 | D:2      | Reached skill level 1 in Polearms
  1104 | D:2      | Reached skill level 1 in Staves
  1104 | D:2      | Reached skill level 1 in Slings
  1104 | D:2      | Reached skill level 1 in Bows
  1104 | D:2      | Reached skill level 1 in Crossbows
  1104 | D:2      | Reached skill level 1 in Throwing
  1104 | D:2      | Reached skill level 1 in Dodging
  1104 | D:2      | Reached skill level 1 in Stealth
  1104 | D:2      | Reached skill level 1 in Unarmed Combat
  1104 | D:2      | Reached skill level 1 in Spellcasting
  1104 | D:2      | Reached skill level 1 in Evocations
  1128 | D:2      | Found a sparkling altar of Nemelex Xobeh.
  1319 | D:2      | Reached XP level 4. HP: 41/41 MP: 5/5
  1547 | D:2      | Reached skill level 1 in Conjurations
  1547 | D:2      | Reached skill level 1 in Hexes
  1547 | D:2      | Reached skill level 1 in Summonings
  1547 | D:2      | Reached skill level 1 in Necromancy
  1547 | D:2      | Reached skill level 1 in Translocations
  1547 | D:2      | Reached skill level 1 in Transmutations
  1547 | D:2      | Reached skill level 1 in Fire Magic
  1547 | D:2      | Reached skill level 1 in Ice Magic
  1547 | D:2      | Reached skill level 1 in Air Magic
  1547 | D:2      | Reached skill level 1 in Earth Magic
  1547 | D:2      | Reached skill level 1 in Poison Magic
  1806 | D:3      | Reached XP level 5. HP: 47/47 MP: 6/6
  1864 | D:3      | Noticed a big kobold
  1880 | D:3      | Killed a big kobold
  2059 | D:3      | Found a glowing drain.
  2085 | Sewer    | Entered a sewer
  2149 | Sewer    | Reached XP level 6. HP: 53/53 MP: 8/8
  2197 | Sewer    | Reached skill level 5 in Long Blades
  2760 | Sewer    | Reached XP level 7. HP: 45/59 MP: 10/10
  3413 | D:3      | Noticed Terence
  3417 | D:3      | Killed Terence
  4483 | D:4      | Found a glowing silver altar of Zin.
  4532 | D:4      | Noticed Natasha
  4538 | D:4      | Killed Natasha
  4595 | D:5      | Entered Level 5 of the Dungeon
  4687 | D:5      | Reached XP level 8. HP: 63/67 MP: 12/12
  5139 | D:5      | Found a runed translucent gate.
  5139 | D:5      | Found a runed translucent gate.
  5139 | D:5      | Found a runed translucent gate.
  5141 | D:5      | Noticed SolusNox's ghost (novice TrMo)
  6202 | D:6      | Reached XP level 9. HP: 67/71 MP: 14/14
  6223 | D:6      | Found a shimmering blue altar of Sif Muna.
  6316 | D:6      | Found a staircase to the Ecumenical Temple.
  6506 | Temple   | Entered the Ecumenical Temple
  6756 | Temple   | Became a worshipper of Hepliaklqana the Forgotten
  6916 | D:7      | Noticed Maggie
  6934 | D:7      | Killed Maggie
  7476 | D:7      | Noticed Pikel
  7486 | D:7      | Killed Pikel
  7543 | D:7      | Noticed a white ugly thing
  7549 | D:7      | Reached skill level 5 in Invocations
  7582 | D:7      | Killed a white ugly thing
  7587 | D:7      | Reached XP level 10. HP: 24/72 MP: 15/17
  8149 | D:7      | Reached skill level 5 in Short Blades
  8149 | D:7      | Reached skill level 5 in Axes
  8149 | D:7      | Reached skill level 5 in Maces & Flails
  8149 | D:7      | Reached skill level 5 in Polearms
  8149 | D:7      | Reached skill level 5 in Staves
  8149 | D:7      | Reached skill level 5 in Slings
  8149 | D:7      | Reached skill level 5 in Bows
  8149 | D:7      | Reached skill level 5 in Crossbows
  8149 | D:7      | Reached skill level 5 in Throwing
  8149 | D:7      | Reached skill level 5 in Dodging
  8149 | D:7      | Reached skill level 5 in Stealth
  8149 | D:7      | Reached skill level 5 in Unarmed Combat
  8149 | D:7      | Reached skill level 5 in Spellcasting
  8149 | D:7      | Reached skill level 5 in Evocations
  8987 | D:8      | Reached * piety under Hepliaklqana
  9931 | D:8      | Reached ** piety under Hepliaklqana
  9932 | D:8      | Remembered your ancestor Synnove as a hexer
 10337 | D:9      | Noticed a two-headed ogre
 10342 | D:9      | Killed a two-headed ogre
 10404 | D:9      | Noticed Erolcha
 10419 | D:9      | Killed Erolcha
 10420 | D:9      | Reached XP level 11. HP: 75/80 MP: 19/19
 10449 | D:9      | Found Foliz's Distillery.
 10479 | D:9      | Reached skill level 5 in Conjurations
 10479 | D:9      | Reached skill level 5 in Hexes
 10479 | D:9      | Reached skill level 5 in Summonings
 10479 | D:9      | Reached skill level 5 in Necromancy
 10479 | D:9      | Reached skill level 5 in Translocations
 10479 | D:9      | Reached skill level 5 in Transmutations
 10479 | D:9      | Reached skill level 5 in Fire Magic
 10479 | D:9      | Reached skill level 5 in Ice Magic
 10479 | D:9      | Reached skill level 5 in Air Magic
 10479 | D:9      | Reached skill level 5 in Earth Magic
 10479 | D:9      | Reached skill level 5 in Poison Magic
 10534 | D:9      | Bought a potion of invisibility for 96 gold pieces
 10534 | D:9      | Bought a potion of cancellation for 96 gold pieces
 10534 | D:9      | Bought a potion of curing for 36 gold pieces
 10534 | D:9      | Bought a potion of heal wounds for 60 gold pieces
 10534 | D:9      | Bought a potion of brilliance for 48 gold pieces
 10802 | D:10     | Entered Level 10 of the Dungeon
 10808 | D:10     | Noticed Grum
 10819 | D:10     | Noticed Joseph
 10836 | D:10     | Slain by Grum

Illustrated notes

Levels and vault maps discovered:
D:1:      evilmike_arrival_plus, layout_basic
D:2:      layout_basic, nemelex_xobeh_ov_fountains_minmay
D:3:      layout_basic, gup_sewer_entry_pipe, uniq_terence
D:4:      layout_basic, zin_statuary, uniq_natasha
D:5:      layout_gridville, gammafunk_ghost_nasty_kobolds
D:6:      layout_gridville, minmay_temple_entry_hall, hangedman_decor_push,
          minmay_misc_feat_doors, led_sif_book
D:7:      layout_layer_cave, minmay_chambers_of_fives, uniq_pikel, uniq_maggie
D:8:      layout_gridville
D:9:      layout_basic, serial_shops, nicolae_shop_trees, uniq_erolcha
D:10:     layout_rooms, lair_entry_dummy, minivault_24, minivault_28, uniq_grum,
          uniq_joseph, uniq_josephine
Temple:   roderic_octagonal_lattice_temple

Skill      XL: |  1  2  3  4  5  6  7  8  9 10 11 |
---------------+----------------------------------+-----
Invocations    | 1 2 3 4 5 6 |  6.7
Short Blades   | 1 2 3 4 5 6 |  6.1
Axes           | 1 2 3 4 5 6 |  6.1
Maces & Flails | 1 2 3 4 5 6 |  6.1
Polearms       | 1 2 3 4 5 6 |  6.1
Staves         | 1 2 3 4 5 6 |  6.1
Slings         | 1 2 3 4 5 6 |  6.1
Bows           | 1 2 3 4 5 6 |  6.1
Crossbows      | 1 2 3 4 5 6 |  6.1
Throwing       | 1 2 3 4 5 6 |  6.1
Dodging        | 1 2 3 4 5 6 |  6.1
Stealth        | 1 2 3 4 5 6 |  6.1
Unarmed Combat | 1 2 3 4 5 6 |  6.1
Spellcasting   | 1 2 3 4 5 6 |  6.1
Evocations     | 1 2 3 4 5 6 |  6.1
Conjurations   | 1 2 3 4 5 |  5.0
Hexes          | 1 2 3 4 5 |  5.0
Summonings     | 1 2 3 4 5 |  5.0
Necromancy     | 1 2 3 4 5 |  5.0
Translocations | 1 2 3 4 5 |  5.0
Transmutations | 1 2 3 4 5 |  5.0
Fire Magic     | 1 2 3 4 5 |  5.0
Ice Magic      | 1 2 3 4 5 |  5.0
Air Magic      | 1 2 3 4 5 |  5.0
Earth Magic    | 1 2 3 4 5 |  5.0
Poison Magic   | 1 2 3 4 5 |  5.0
Long Blades    | 5 6 7 |  7.7
Fighting       | 7 8 9 |  9.0
Armour         | 7 8 9 |  9.0
Shields        | 7 8 9 |  9.0

Action                   |  1- 3 |  4- 6 |  7- 9 | 10-12 || total
-------------------------+-------+-------+-------+-------++-------
Melee: Long sword        |    82 |   253 |    55 |       ||   390
       Bite              |     8 |    29 |    47 |    38 ||   122
       Falchion          |       |       |   319 |   289 ||   608
Invok: Ancestor Life: He |       |       |       |     1 ||     1
  Use: Scroll            |       |       |     9 |     6 ||    15
       Potion            |       |       |     3 |     1 ||     4
 Stab: Distracted        |       |       |       |     4 ||     4
       Sleeping          |       |       |       |     3 ||     3
       Confused          |       |       |       |     2 ||     2
Armor: Scale mail        |    33 |    65 |    74 |    77 ||   249
Dodge: Dodged            |    22 |    62 |    72 |    68 ||   224
Block: Kite shield       |    58 |   125 |    83 |       ||   266
       Tower shield      |       |       |   224 |   340 ||   564
       Reflection        |       |       |     3 |    16 ||    19
       Rpst.: Long sword |     2 |    22 |     4 |       ||    28
       Falchion          |       |       |    17 |    12 ||    29

Table legend: (Time is in decaauts)
 A = Elapsed time spent in this place.
 B = Non-inter-level travel time spent in this place.
 C = Inter-level travel time spent in this place.
 D = Time resting spent in this place.
 E = Time spent auto-exploring this place.
 F = Levels seen in this place.
 G = Mean time per level.
                   A        B        C        D        E       F      G
               +--------+--------+--------+--------+--------+-----+--------+
         Total |  11108 |  10699 |    409 |    347 |   8219 |  12 |  925.7 |
       Dungeon |   9702 |   9358 |    344 |    347 |   7196 |  10 |  970.2 |
        Temple |    274 |    210 |     64 |      0 |    209 |   1 |  274.0 |
         Sewer |   1131 |   1131 |      0 |      0 |    814 |   1 | 1131.0 |
               +--------+--------+--------+--------+--------+-----+--------+

Top non-repeatable levels by time:
     D:7: 2028 daAuts
     D:5: 1335 daAuts
     D:8: 1185 daAuts
   Sewer: 1131 daAuts
     D:3: 989 daAuts
     D:2: 963 daAuts
     D:4: 881 daAuts
     D:1: 843 daAuts
     D:9: 745 daAuts
     D:6: 697 daAuts
  Temple: 274 daAuts
    D:10: 31 daAuts
